 Dungeon Crawl Stone Soup version 0.27-a0-681-g0c81a3c1c3 (webtiles) character file.

Game seed: 15905201426915770250

42 bilbop the Chopper (level 3, 0/34 HPs)
             Began as a Hill Orc Monk on Mar 20, 2021.
             Hit by a goblin thrown by Robin (2 damage)
             ... on level 2 of the Dungeon.
             The game lasted 00:10:07 (1348 turns).

bilbop the Chopper (Hill Orc Monk)                  Turns: 1348, Time: 00:10:08

Health: 0/34       AC:  3    Str: 14    XL:     3   Next: 54%
Magic:  3/3        EV: 12    Int: 10    God:
Gold:   27         SH:  0    Dex: 13    Spells: 2/2 levels left

rFire    . . .     SeeInvis .   a - +0 hand axe
rCold    . . .     Faith    .   (no shield)
rNeg     . . .     Spirit   .   c - +0 leather armour
rPois    .         Reflect  .   (no helmet)
rElec    .         Harm     .   (no cloak)
rCorr    .         Rampage  .   (no gloves)
Will     .....                  (no boots)
Stlth    ++........             (no amulet)
HPRegen  0.11/turn              (no ring)
MPRegen  0.08/turn              (no ring)

@: no status effects
A: no striking features
a: no special abilities


You were on level 2 of the Dungeon.
You visited 1 branch of the dungeon, and saw 2 of its levels.

You collected 27 gold pieces.

Inventory:

Hand Weapons
 a - a +0 hand axe (weapon)
 e - a +0 spear
Armour
 c - a +0 leather armour (worn)
Jewellery
 d - an amulet of magic regeneration
Scrolls
 b - a scroll of identify {unknown}
 f - a scroll of enchant armour {unknown}
 g - a scroll of teleportation {unknown}


   Skills:
 + Level 4.3 Fighting
 + Level 4.7 Axes
 + Level 2.8 Dodging
 - Level 1.5 Stealth


You had 2 spell levels left.
You didn't know any spells.
Your spell library was empty.

Dungeon Overview and Level Annotations

Branches:
Dungeon (2/15)

Altars:

Annotations:
D:2 Robin


Message History

You barely miss the goblin. The goblin barely misses you.
You closely miss the goblin. The goblin misses you.
You hit the goblin.
You kill the goblin!
You hit the goblin but do no damage. The goblin closely misses you.
You hit the goblin.
The goblin is heavily wounded.
The goblin hits you.
You closely miss the goblin.
The goblin is moderately wounded.
The goblin closely misses you. The goblin barely misses you.
You hit the goblin.
You kill the goblin!
You see here a +0 dagger.
Robin of the Strong Arm comes into view.
They are wielding a +0 mace and wearing the +1 helmet of Okanweq {Regen+ Int+7 Dex-5}.
The goblin shouts!
You see here a +0 dagger.
You see here a rat corpse.
A goblin comes into view. It is wielding a +0 dagger.
Robin roars a battlecry!
The goblins go into a battle-frenzy!
The goblin barely misses you.
The goblin hits you from afar with a +0 spear.
A goblin comes into view. It is wielding a +0 club.
Robin throws the goblin at you! The goblin hits you with a +0 club!
You hit the goblin.
You kill the goblin!
The goblin hits you from afar with a +0 spear.
Robin throws the goblin at you! The goblin barely misses you.
You see here a +0 club.
You hit the goblin but do no damage. The goblin hits you with a +0 dagger.
The goblin hits you from afar with a +0 spear.
* * * LOW HITPOINT WARNING * * *
Robin says, "Bow before me, strongest of all the hobgoblins!"
You hit the goblin.
You kill the goblin!
The goblin hits you from afar with a +0 spear.
* * * LOW HITPOINT WARNING * * *
Robin throws the goblin at you!
You die...

########
##......##
##........##
#..........#
#..........#
#..........######
#..........##...#
#)<...........#.#
##........#.###@#
#..).......# #g#
#..........## #g#
##.....<....# #)#
............# #g#
............# #.#
............ #†#
.......... #g# #
........ #.###.#


You could see Robin and 3 goblins.

Vanquished Creatures
  An adder (D:1)
  A dart slug (D:1)
  A leopard gecko (D:1)
  2 giant cockroaches (D:2)
  6 goblins (D:2)
  6 hobgoblins (D:1)
  2 ball pythons
  A bat (D:1)
  3 frilled lizards (D:1)
  2 kobolds (D:1)
  3 rats
28 creatures vanquished.

Notes
Turn   | Place    | Note
-------+----------+-------------------------------------------
     0 | D:1      | bilbop the Hill Orc Monk began the quest for the Orb.
     0 | D:1      | Reached XP level 1. HP: 19/19 MP: 1/1
   185 | D:1      | Reached XP level 2. HP: 27/27 MP: 2/2
   924 | D:1      | You fall into a shaft and drop 1 floor!
   944 | D:1      | Reached XP level 3. HP: 11/34 MP: 3/3
  1330 | D:2      | Identified the +1 helmet of Okanweq {Regen+ Int+7 Dex-5}
  1330 | D:2      | Noticed Robin
  1348 | D:2      | Hit by a goblin thrown by Robin

Illustrated notes

Levels and vault maps discovered:
D:1:      eino_arrival_water_star, layout_basic, solitary_fountain
D:2:      layout_rooms, lemuel_crystal_altar, lemuel_crystal_altar,
          uniq_sigmund, uniq_natasha, uniq_robin

Skill      XL: |  1  2 |
---------------+-------+-----
Fighting       | 4 |  4.3
Axes           | |  4.7
Dodging        | |  2.8
Stealth        | |  1.5

Action                   || total
-------------------------++-------
Melee: Hand axe          ||   110
Armor: Robe              ||     4
       Leather armour    ||     3
Dodge: Dodged            ||    68

Table legend: (Time is in decaauts)
 A = Elapsed time spent in this place.
 B = Non-inter-level travel time spent in this place.
 C = Inter-level travel time spent in this place.
 D = Time resting spent in this place.
 E = Time spent auto-exploring this place.
 F = Levels seen in this place.
 G = Mean time per level.
                   A        B        C        D        E       F      G
               +--------+--------+--------+--------+--------+-----+--------+
         Total |   1358 |   1352 |      6 |    798 |    299 |   2 |  679.0 |
       Dungeon |   1358 |   1352 |      6 |    798 |    299 |   2 |  679.0 |
               +--------+--------+--------+--------+--------+-----+--------+

Top non-repeatable levels by time:
     D:1: 1217 daAuts
     D:2: 141 daAuts
